 Dungeon Crawl Stone Soup version 0.30.0-29-ga12c61a403 (webtiles) character file.

Game seed: 18274447292440823748

357 cheesebisquit the Trooper (level 6, -7/48 HPs)
             Began as a Djinni Fire Elementalist on June 25, 2023.
             Mangled by Crazy Yiuf
             ... wielding a +3 quarterstaff of chaos
              (11 damage)
             ... on level 3 of the Dungeon.
             The game lasted 00:10:10 (2938 turns).

cheesebisquit the Trooper (DjFE)                    Turns: 2938, Time: 00:10:11

Health: -7/48      AC:  2    Str: 10    XL:     6   Next: 96%
Gold:   183        EV: 12    Int: 19    God:
                   SH:  0    Dex: 15

rFire   + + .        p - +0 short sword of Winter {vamp, rPois Str+3 Dex+2}
rCold   . . .        (no shield)
rNeg    . . .        a - +0 robe
rPois   ∞            (no helmet)
rElec   .            (no cloak)
rCorr   .            (no gloves)
SInv    .            (boots unavailable)
Will    .....        (no amulet)
Stlth   ++           n - ring of protection from cold
HPRegen 0.28/turn    (no ring)
MPRegen 0.00/turn

%: infuse magic (-8 HP)
@: flying
A: sickness immunity, fire resistance 2, cold vulnerability 1, float, innate
caster, HP casting, extra vitality 1
a: no special abilities


You were on level 3 of the Dungeon.
You visited 1 branch of the dungeon, and saw 5 of its levels.

You collected 183 gold pieces.

Inventory:

Hand Weapons
 p - the +0 short sword of Winter (weapon) {vamp, rPois Str+3 Dex+2}
   (You found it on level 3 of the Dungeon)

   Str:       It affects your strength (+3).
   Dex:       It affects your dexterity (+2).
   rPois:     It protects you from poison.
Armour
 a - a +0 robe (worn)
Jewellery
 n - a ring of protection from cold (left hand)
Wands
 f - a wand of iceblast (1)
Scrolls
 c - 4 scrolls of vulnerability {unknown}
 d - 2 scrolls of fear {unknown}
 e - a scroll of teleportation {unknown}
 g - 2 scrolls of blinking {unknown}
 h - 4 scrolls of identify {unknown}
 i - 2 scrolls of noise {unknown}
 j - a scroll of poison {unknown}
 o - 2 scrolls of magic mapping {unknown}
 q - a scroll of amnesia {unknown}
Potions
 b - a potion of brilliance {unknown}
 k - 3 potions of curing {unknown}
 l - a potion of invisibility {unknown}
 m - 3 potions of heal wounds {unknown}
 r - a potion of haste {unknown}


   Skills:
 + Level 4.4 Fighting
 - Level 2.1 Dodging
 - Level 1.5 Stealth
 + Level 4.2 Spellcasting


You knew the following spells:

 Your Spells              Type           Power      Damage    Failure   Level
a - Foxfire               Conj/Fire      80%        2x1d8     2%          1
b - Scorch                Fire           40%        2d7       3%          2
c - Volatile Blastmotes   Fire/Tloc      40%        2d13      7%          3
d - Inner Flame           Hex/Fire       20%        N/A       7%          3
e - Flame Wave            Conj/Fire      20%        2d7       22%         4
f - Apportation           Tloc           40%        N/A       2%          1
g - Momentum Strike       Conj/Tloc      40%        3d9       3%          2
Your spell library was empty.

Dungeon Overview and Level Annotations

Branches:
Dungeon (5/15)
 Temple: D:4-7

Altars:
Wu Jian

Shops:
D:4 :(

Annotations:
D:3 Crazy Yiuf


Innate Abilities, Weirdness & Mutations

You are immune to sickness and miasma.
You are immune to poison.
Your flesh is very heat resistant. (rF++)
You are vulnerable to cold. (rC-)
You float through the air rather than walking.
You learn spells naturally, not from books.
Your magical power is your life essence.
You have superior vitality. (+4 MHP)


Message History

(Press . to intensify the flame waves.)
You start resting.
A nearby fungus withers and dies.
You start resting.
Your magical contamination has completely faded away.
HP restored.
Found a hammer.
Found a runed translucent door.
Crazy Yiuf shouts!
Crazy Yiuf says, "Goober spinner alas!"
Press: ? - help, v - describe, . - travel
Here: Crazy Yiuf, wielding a +3 quarterstaff of chaos and wearing a +0 cloak (fire blocked by a runed translucent door)
The floor.
You reach down and open the door.
Unknown command.
Casting: Flame Wave (quite dangerous; 22% risk of failure)
Confirm with . or Enter, or press ? or * to list all spells.
A cloud of volatile blastmotes flares up around you!
Crazy Yiuf closely misses you.
The cloud of blastmotes explodes!
The concussive blast engulfs Crazy Yiuf.
Crazy Yiuf is lightly wounded.
The concussive blast engulfs you. You resist.
Casting: Volatile Blastmotes (dangerous; 7% risk of failure)
Confirm with . or Enter, or press ? or * to list all spells.
A cloud of volatile blastmotes flares up around you!
Crazy Yiuf hits you with a +3 quarterstaff of chaos!
Crazy Yiuf attacks as you move away! Crazy Yiuf barely misses you.
The cloud of blastmotes explodes!
The concussive blast engulfs Crazy Yiuf!
Crazy Yiuf is almost dead.
The concussive blast engulfs you. You resist.
Casting: Volatile Blastmotes (dangerous; 7% risk of failure)
Confirm with . or Enter, or press ? or * to list all spells.
A cloud of volatile blastmotes flares up around you!
Crazy Yiuf grits, "Tonal illywillydillykilly noodlescoop!"
Crazy Yiuf hits you with a +3 quarterstaff of chaos!
* * * LOW HITPOINT WARNING * * *
Crazy Yiuf attacks as you move away!
Crazy Yiuf hits you with a +3 quarterstaff of chaos!
You die...

....#
##.#.#
...########
#....#
..........#
#....#
......#.#.#
##..##
#####.#.#.#
♣..P.♣
#.#...#
♣♣P♣.♣
#.#.###
♣♣.♣♣
#.....#
♣♣.♣
#...#.#
♣@♣♣
#...#.#
♣♣g♣
#####...#.#
♣.♣♣
........#.#
#'#
##........#
...
##.###....#
#...# ##.#
#.##.#
#)..# ##.#
#.##.#
##### ##.#
#....#


You could see Crazy Yiuf.

Vanquished Creatures
  A water moccasin (D:5)
  A hound (D:4)
  A jelly (D:3)
  Ijyb (D:3)
  An orc wizard (D:4)
  Natasha (twice) (D:2)
  3 adders
  2 worms (D:3)
  6 orcs
  5 endoplasms
  5 goblins
  5 hobgoblins
  3 jackals (D:2)
  2 quokkas
  7 ball pythons
  5 bats
  2 frilled lizards (D:3)
  2 kobolds
  7 rats
61 creatures vanquished.

Vanquished Creatures (others)
  147 foxfires
147 creatures vanquished.

Grand Total: 208 creatures vanquished

Notes
Turn   | Place    | Note
-------+----------+-------------------------------------------
     0 | D:1      | cheesebisquit the Djinni Fire Elementalist began the quest
                  | for the Orb.
     0 | D:1      | cheesebisquit set off with the following spells memorised:
                  | Foxfire, Scorch, Volatile Blastmotes, Inner Flame, Flame
                  | Wave.
     0 | D:1      | Reached XP level 1. HP: 15/15 MP: 0/0
   244 | D:1      | Reached XP level 2. HP: 21/22 MP: 0/0
   247 | D:1      | Reached skill level 1 in Fighting
   776 | D:2      | Found an ornate altar of the Wu Jian Council.
   852 | D:2      | Found a faded altar of an unknown god.
   862 | D:2      | Reached XP level 3. HP: 23/27 MP: 0/0
   862 | D:2      | Learned a level 1 spell: Apportation
  1003 | D:2      | Noticed Natasha
  1009 | D:2      | Killed Natasha
  1010 | D:2      | Reached XP level 4. HP: 31/33 MP: 0/0
  1333 | D:2      | Noticed Natasha
  1341 | D:2      | Killed Natasha
  1510 | D:3      | Identified the +0 short sword of Winter {vamp, rPois Str+3
                  | Dex+2}
  1618 | D:3      | Reached XP level 5. HP: 35/40 MP: 0/0
  1618 | D:3      | Learned a level 2 spell: Momentum Strike
  1759 | D:3      | Noticed Ijyb
  1768 | D:3      | Killed Ijyb
  2121 | D:3      | You are sucked into a shaft and drop 2 floors!
  2121 | D:5      | Entered Level 5 of the Dungeon
  2131 | D:5      | Noticed a water moccasin
  2136 | D:5      | Killed a water moccasin
  2137 | D:5      | Reached XP level 6. HP: 36/47 MP: 0/0
  2294 | D:4      | Found Egotim's Antique Weapon Boutique.
  2331 | D:4      | Found Ledgh's Book Emporium.
  2928 | D:3      | Found a runed translucent door.
  2929 | D:3      | Noticed Crazy Yiuf
  2938 | D:3      | Mangled by Crazy Yiuf

Illustrated notes

Levels and vault maps discovered:
D:1:      elethiomel_arrival_quiet, layout_basic
D:2:      layout_loops_ring, basic_altar, shapermc_ecumenical_altar_acropolis,
          minmay_pentomino_x2, uniq_natasha
D:3:      layout_loops_ring, mainiacjoe_overflow_alcove_1, uniq_ijyb,
          uniq_crazy_yiuf_cottage
D:4:      layout_basic, nemelex_diamond_rough_becter, serial_shops,
          nicolae_square_shop, nicolae_shop_rolling_square, shop,
          hangedman_abyss_or_decor_stagger, uniq_edmund
D:5:      layout_basic, minmay_temple_entry_large_hall, serial_shops,
          kennysheep_mini_moat

Skill      XL: |  1  2  3  4  5 |
---------------+----------------+-----
Fighting       | 1 2 3 4 |  4.4
Spellcasting   | 3 4 |  4.2
Dodging        | |  2.1
Stealth        | |  1.5

Action                     |  1- 3 |  4- 6 || total
---------------------------+-------+-------++-------
  Melee: Mace              |     5 |       ||     5
         Short sword       |       |   154 ||   154
         Punch             |       |     4 ||     4
   Cast: Foxfire           |    35 |    57 ||    92
         Scorch            |       |    24 ||    24
         Momentum Strike   |       |     1 ||     1
         Volatile Blastmot |       |     3 ||     3
         Flame Wave        |       |     2 ||     2
 Armour: Robe              |     2 |     3 ||     5
  Dodge: Dodged            |     9 |     9 ||    18
